AoeStats
← Because I Got High

Arabia

510161956Analyzed
1v1 RM · 2d ago on Sep 29, 2026· 37m 25s· 2 players
Game mode
Random Map
Map size
Tiny (2 player)
Population
200
Speed
Normal
Resources
Standard
Victory
Conquest
Starting age
Dark Age
Ending age
Imperial Age
RankedLock teamsTeams togetherTeam positionsShared explorationLock speedFull tech treeHidden civsTurbo modeCheats
Victory
Defeat
🇹🇷 Sicilians · Türkiye
1248
+15
🇦🇷 Varangians · Argentina
1226
-15
Because I Got High
6:34 Loom
8:55 Feudal Age
9:24 Double-Bit Axe
10:21 Town Watch
16:44 Castle Age
16:45 Stone Mining
16:36 Horse Collar
16:59 Gold Mining
24:35 Bow Saw
31:47 Imperial Age
31:14 Ballistics
JargoXMeIIIIIIIIIIII*
5:16 Loom
9:47 Feudal Age
10:15 Double-Bit Axe
19:04 Castle Age
17:15 Fletching
17:34 Horse Collar
19:23 Padded Archer Armor
20:08 Bodkin Arrow
20:28 Bow Saw
21:13 Gold Mining
24:50 Wheelbarrow
27:02 Husbandry
27:06 Town Watch
28:04 Ballistics
27:48 Stone Mining
28:53 Hand Cart
30:49 Bloodlines
31:07 Scale Barding Armor
35:37 Imperial Age
33:25 Heavy Plow
33:58 Light Cavalry
34:59 Chain Barding Armor
34:55 Leather Archer Armor
35:35 Forging
36:03 Masonry
Connection lost

Rejoining the realm…

Still unreachable

The connection could not be restored.

Session expired

The server has moved on; the page needs a fresh start.